General information
- name: BNet
- type: Ladder team game (AT/RT)
- host: Battle.net
- saver: Ljocht
map: GolemsInTheMist
- players: 8
- length: 48:11
- speed: Fast
- version: 1.26 W3XP
- replay type: Public
» download(248 KB)
Players
team 1 (winner)
Call911iownedu (
green | 35 APM | 1669 actions | 48:11)
3 Keeper of the Grove
1 Entangling Roots
2 Force of Nature
5 Priestess of the Moon
3 Trueshot Aura
2 Searing Arrows
» actions
| Basic commands | 88 | |
| Build / train | 64 | |
| Enter build submenu | 16 | |
| Enter hero's abilities submenu | 8 | |
| Remove unit from queue | 1 | |
| Right click | 979 | |
| Select / deselect | 476 | |
| Use ability | 37 | |
1669 total
» units
» upgrades
| Strength of the Wild | 3 | |
| Reinforced Hides | 3 | |
| Abolish Magic | 1 | |
7 total
» buildings
| Altar of Elders | 1 | |
| Moon Well | 10 | |
| Ancient of War | 1 | |
| Tree of Ages | 1 | |
| Hunter's Hall | 1 | |
| Ancient of Lore | 2 | |
| Tree of Eternity | 1 | |
17 total
» build order
00:09 Altar of Elders
00:11 Moon Well
00:34 Ancient of War
01:28 Moon Well
02:13 Moon Well
04:15 Tree of Ages
05:48 Moon Well
06:57 Hunter's Hall
06:59 Moon Well
08:27 Ancient of Lore
08:30 Ancient of Lore
09:12 Tree of Eternity
14:29 Moon Well
15:25 Moon Well
17:26 Moon Well
20:35 Moon Well
23:25 Moon Well
CreepInATshirt (
red | 50 APM | 2390 actions | 48:08)
9 Archmage
3 Summon Water Elemental
3 Brilliance Aura
1 Mass Teleport
2 Blizzard
» actions
| Assign group hotkey | 38 | |
| Basic commands | 200 | |
| Build / train | 114 | |
| Enter build submenu | 48 | |
| Enter hero's abilities submenu | 8 | |
| Give item / drop item | 6 | |
| Remove unit from queue | 10 | |
| Right click | 800 | |
| Select / deselect | 481 | |
| Select group hotkey | 486 | |
| Use ability | 199 | |
2390 total
» units
| Peasant | 10 | |
| Footman | 4 | |
| Goblin Shredder | 1 | |
| Gryphon Rider | 8 | |
| Goblin Sapper | 2 | |
| Dragonhawk Rider | 4 | |
| Flying Machine | 11 | |
| Goblin Zeppelin | 17 | |
57 total
» upgrades
| Magic Sentry | 1 | |
| Masonry | 3 | |
| Swords | 3 | |
| Animal War Training | 1 | |
| Armor | 3 | |
| Storm Hammers | 1 | |
| Cloud | 1 | |
| Gunpowder | 2 | |
| Plating | 2 | |
| Control Magic | 1 | |
| Priest Training | 1 | |
| Sorceress Training | 1 | |
| Flak Cannons | 1 | |
21 total
» buildings
| Altar of Kings | 1 | |
| Barracks | 1 | |
| Farm | 12 | |
| Keep | 1 | |
| Arcane Vault | 3 | |
| Lumber Mill | 1 | |
| Castle | 1 | |
| Town Hall | 5 | |
| Scout Tower | 20 | |
| Guard Tower | 2 | |
| Arcane Sanctum | 1 | |
| Gryphon Aviary | 5 | |
| Blacksmith | 2 | |
| Workshop | 2 | |
57 total
» build order
00:37 Altar of Kings
00:38 Barracks
01:03 Farm
01:04 Farm
01:06 Farm
01:17 Farm
01:52 Farm
03:18 Keep
03:41 Farm
03:45 Arcane Vault
03:50 Lumber Mill
05:45 Castle
07:46 Town Hall
07:51 Scout Tower
07:53 Scout Tower
07:54 Scout Tower
07:55 Scout Tower
09:09 Guard Tower
09:14 Arcane Sanctum
09:19 Gryphon Aviary
09:20 Gryphon Aviary
09:22 Gryphon Aviary
09:26 Gryphon Aviary
09:29 Gryphon Aviary
09:34 Blacksmith
09:38 Blacksmith
12:50 Town Hall
12:53 Scout Tower
12:54 Scout Tower
12:54 Scout Tower
12:54 Scout Tower
12:57 Scout Tower
12:58 Scout Tower
12:58 Scout Tower
12:59 Scout Tower
17:35 Guard Tower
17:40 Arcane Vault
17:49 Arcane Vault
22:50 Town Hall
22:51 Scout Tower
22:52 Scout Tower
22:52 Scout Tower
22:53 Scout Tower
22:54 Scout Tower
22:54 Scout Tower
22:54 Scout Tower
22:55 Scout Tower
23:57 Farm
23:59 Farm
24:00 Farm
24:03 Farm
24:28 Farm
24:30 Farm
28:14 Town Hall
33:58 Town Hall
34:17 Workshop
34:20 Workshop
» items
| Scroll of Regeneration | 5 | |
| Potion of Healing | 3 | |
| Scroll of Town Portal | 2 | |
| Mechanical Critter | 2 | |
12 total
MY-BDAY-TODAY. (
pink | 42 APM | 1997 actions | 48:05)
3 Blood Mage
2 Flame Strike
1 Siphon Mana
» actions
| Assign group hotkey | 60 | |
| Basic commands | 120 | |
| Build / train | 123 | |
| Enter build submenu | 44 | |
| Enter hero's abilities submenu | 3 | |
| Remove unit from queue | 3 | |
| Right click | 690 | |
| Select / deselect | 374 | |
| Select group hotkey | 433 | |
| Use ability | 147 | |
1997 total
» units
| Peasant | 20 | |
| Goblin Shredder | 4 | |
| Goblin Zeppelin | 2 | |
| Sorceress | 4 | |
| Siege Engine | 5 | |
35 total
» upgrades
| Masonry | 3 | |
| Lumber Harvesting | 2 | |
| Swords | 2 | |
| Gunpowder | 3 | |
| Sorceress Training | 2 | |
| Magic Sentry | 1 | |
| Plating | 3 | |
| Backpack | 1 | |
| Cloud | 1 | |
| Storm Hammers | 1 | |
| Flying Machine Bombs | 1 | |
| Flak Cannons | 1 | |
| Fragmentation Shards | 1 | |
| Flare | 1 | |
| Barrage | 1 | |
| Armor | 2 | |
| Priest Training | 2 | |
| Control Magic | 1 | |
29 total
» buildings
| Altar of Kings | 1 | |
| Farm | 12 | |
| Scout Tower | 56 | |
| Arcane Tower | 5 | |
| Lumber Mill | 3 | |
| Town Hall | 2 | |
| Guard Tower | 24 | |
| Arcane Vault | 3 | |
| Keep | 1 | |
| Blacksmith | 2 | |
| Castle | 1 | |
| Arcane Sanctum | 1 | |
| Workshop | 1 | |
| Gryphon Aviary | 1 | |
| Cannon Tower | 1 | |
114 total
» build order
00:10 Altar of Kings
00:23 Farm
00:41 Scout Tower
01:08 Farm
01:11 Arcane Tower
01:11 Arcane Tower
01:23 Scout Tower
01:30 Lumber Mill
02:05 Arcane Tower
02:43 Farm
03:22 Town Hall
03:24 Scout Tower
03:24 Scout Tower
03:25 Scout Tower
03:25 Scout Tower
03:42 Scout Tower
03:56 Guard Tower
05:21 Guard Tower
05:44 Scout Tower
05:44 Scout Tower
05:51 Scout Tower
05:52 Scout Tower
05:52 Scout Tower
06:04 Farm
06:24 Guard Tower
06:27 Guard Tower
06:30 Guard Tower
06:37 Scout Tower
06:38 Scout Tower
06:40 Scout Tower
06:41 Scout Tower
06:50 Scout Tower
06:51 Scout Tower
06:53 Scout Tower
06:54 Scout Tower
06:55 Scout Tower
06:59 Arcane Vault
07:36 Guard Tower
07:40 Guard Tower
07:44 Keep
08:01 Guard Tower
09:24 Guard Tower
09:27 Farm
09:28 Farm
09:30 Farm
09:46 Blacksmith
10:06 Scout Tower
10:06 Scout Tower
10:07 Scout Tower
10:08 Scout Tower
10:08 Scout Tower
10:08 Scout Tower
10:22 Castle
10:27 Blacksmith
10:46 Guard Tower
10:49 Scout Tower
10:50 Scout Tower
10:51 Scout Tower
10:51 Scout Tower
10:52 Scout Tower
10:53 Scout Tower
10:53 Scout Tower
10:56 Scout Tower
10:56 Scout Tower
10:58 Scout Tower
11:35 Guard Tower
11:45 Arcane Sanctum
11:48 Scout Tower
11:49 Scout Tower
11:49 Scout Tower
11:53 Arcane Tower
12:12 Guard Tower
12:12 Guard Tower
12:16 Farm
12:17 Farm
12:18 Farm
12:18 Farm
12:27 Guard Tower
12:39 Lumber Mill
12:56 Lumber Mill
13:04 Farm
13:10 Scout Tower
13:12 Scout Tower
13:12 Scout Tower
13:38 Scout Tower
13:39 Guard Tower
13:45 Guard Tower
14:20 Guard Tower
14:34 Workshop
14:59 Arcane Vault
15:40 Gryphon Aviary
16:24 Cannon Tower
18:05 Town Hall
18:08 Scout Tower
18:09 Scout Tower
18:09 Scout Tower
19:26 Guard Tower
20:18 Scout Tower
20:18 Scout Tower
20:19 Scout Tower
20:52 Guard Tower
22:07 Guard Tower
22:17 Arcane Vault
24:50 Scout Tower
24:50 Scout Tower
24:51 Scout Tower
24:51 Scout Tower
24:53 Scout Tower
25:41 Guard Tower
» items
| Scroll of Regeneration | 1 | |
| Potion of Healing | 1 | |
| Scroll of Town Portal | 1 | |
| Ivory Tower | 5 | |
| Potion of Mana | 1 | |
| Orb of Fire | 1 | |
10 total

»
iambest (
blue | 15 APM | 721 actions | 48:11)
7 Tauren Chieftain
3 Endurance Aura
3 Shockwave
1 Reincarnation
2 Shadow Hunter
1 Healing Wave
1 Hex
» actions
| Assign group hotkey | 16 | |
| Build / train | 43 | |
| Enter build submenu | 16 | |
| Enter hero's abilities submenu | 9 | |
| Give item / drop item | 1 | |
| Remove unit from queue | 3 | |
| Right click | 321 | |
| Select / deselect | 199 | |
| Select group hotkey | 55 | |
| Use ability | 58 | |
721 total
» units
» upgrades
» buildings
| Altar of Storms | 1 | |
| Barracks | 1 | |
| Orc Burrow | 8 | |
| Voodoo Lounge | 1 | |
| War Mill | 1 | |
| Stronghold | 1 | |
| Great Hall | 2 | |
| Fortress | 1 | |
| Watch Tower | 1 | |
| Spirit Lodge | 1 | |
18 total
» build order
00:07 Altar of Storms
00:11 Barracks
00:38 Orc Burrow
01:19 Voodoo Lounge
02:57 Orc Burrow
03:04 War Mill
03:45 Orc Burrow
06:30 Stronghold
07:55 Orc Burrow
08:15 Great Hall
10:25 Fortress
10:33 Orc Burrow
10:33 Orc Burrow
10:42 Orc Burrow
10:43 Orc Burrow
12:01 Watch Tower
13:58 Spirit Lodge
18:30 Great Hall
» items
| Healing Salve | 2 | |
| Lesser Clarity Potion | 2 | |
| Scroll of Speed | 1 | |
5 total
team 2 (loser)
FASTDRAGONS (
purple | 36 APM | 1755 actions | 48:11)
5 Death Knight
3 Death Coil
2 Unholy Aura
2 Lich
1 Frost Nova
1 Frost Armor
» actions
| Build / train | 67 | |
| ESC pressed | 1 | |
| Enter build submenu | 18 | |
| Enter hero's abilities submenu | 8 | |
| Remove unit from queue | 11 | |
| Right click | 1230 | |
| Select / deselect | 337 | |
| Use ability | 82 | |
1755 total
» units
| Acolyte | 3 | |
| Ghoul | 2 | |
| Crypt Fiend | 12 | |
| Gargoyle | 5 | |
| Obsidian Statue | 2 | |
24 total
» upgrades
| Creature Attack | 1 | |
| Creature Carapace | 1 | |
| Web | 1 | |
3 total
» buildings
| Graveyard | 1 | |
| Crypt | 2 | |
| Ziggurat | 5 | |
| Altar of Darkness | 1 | |
| Tomb of Relics | 1 | |
| Halls of the Dead | 2 | |
| Necropolis | 2 | |
| Spirit Tower | 3 | |
| Black Citadel | 1 | |
| Sacrificial Pit | 1 | |
| Slaughterhouse | 1 | |
| Moon Well | 1 | |
21 total
» build order
00:13 Graveyard
00:21 Crypt
00:43 Ziggurat
01:01 Altar of Darkness
01:18 Ziggurat
02:04 Tomb of Relics
05:28 Halls of the Dead
06:48 Necropolis
06:51 Ziggurat
07:02 Ziggurat
07:07 Crypt
07:13 Ziggurat
08:39 Spirit Tower
10:49 Black Citadel
14:23 Sacrificial Pit
14:28 Slaughterhouse
15:19 Spirit Tower
16:00 Spirit Tower
17:24 Necropolis
19:30 Halls of the Dead
32:16 Moon Well
» items
| Rod of Necromancy | 3 | |
| Potion of Healing | 4 | |
| Scroll of Regeneration | 1 | |
| Healing Salve | 1 | |
| Scroll of Town Portal | 4 | |
| Potion of Mana | 1 | |
14 total
JamesPlato (
teal | 20 APM | 521 actions | 26:24)
5 Priestess of the Moon
3 Trueshot Aura
2 Scout
» actions
| Basic commands | 5 | |
| Build / train | 60 | |
| Enter build submenu | 20 | |
| Enter hero's abilities submenu | 5 | |
| Give item / drop item | 2 | |
| Right click | 234 | |
| Select / deselect | 166 | |
| Use ability | 29 | |
521 total
» units
| Wisp | 16 | |
| Archer | 5 | |
| Goblin Shredder | 1 | |
| Chimaera | 8 | |
| Hippogryph | 5 | |
35 total
» upgrades
| Corrosive Breath | 1 | |
| Strength of the Wild | 3 | |
| Reinforced Hides | 3 | |
| Well Spring | 1 | |
| Ultravision | 1 | |
9 total
» buildings
| Moon Well | 9 | |
| Altar of Elders | 1 | |
| Ancient of War | 1 | |
| Tree of Ages | 2 | |
| Tree of Eternity | 1 | |
| Ancient of Wind | 2 | |
| Tree of Life | 2 | |
| Chimaera Roost | 2 | |
| Hunter's Hall | 1 | |
| Ancient of Wonders | 1 | |
22 total
» build order
00:26 Moon Well
00:45 Altar of Elders
01:27 Ancient of War
01:36 Moon Well
02:30 Tree of Ages
02:30 Tree of Ages
02:48 Moon Well
05:16 Tree of Eternity
08:17 Ancient of Wind
08:24 Tree of Life
08:28 Moon Well
09:59 Chimaera Roost
10:02 Chimaera Roost
10:07 Hunter's Hall
10:11 Ancient of Wind
10:55 Ancient of Wonders
12:51 Moon Well
12:58 Moon Well
14:45 Moon Well
14:49 Moon Well
17:25 Moon Well
24:02 Tree of Life
» items
| Scroll of Town Portal | 4 | |
| Rod of Necromancy | 1 | |
| Potion of Healing | 2 | |
7 total
Ljocht (
yellow | 74 APM | 3546 actions | 48:11)
7 Blood Mage
3 Flame Strike
3 Siphon Mana
1 Summon Phoenix
» actions
| Assign group hotkey | 131 | |
| Basic commands | 200 | |
| Build / train | 222 | |
| ESC pressed | 20 | |
| Enter build submenu | 48 | |
| Enter hero's abilities submenu | 7 | |
| Give item / drop item | 9 | |
| Right click | 1291 | |
| Select / deselect | 440 | |
| Select group hotkey | 995 | |
| Use ability | 183 | |
3546 total
» units
| Peasant | 15 | |
| Footman | 3 | |
| Goblin Shredder | 5 | |
| Flying Machine | 16 | |
| Sorceress | 1 | |
| Goblin Zeppelin | 16 | |
| Goblin Sapper | 20 | |
| Mortar Team | 2 | |
| Gryphon Rider | 1 | |
| Siege Engine | 1 | |
80 total
» upgrades
| Swords | 3 | |
| Gunpowder | 3 | |
| Flying Machine Bombs | 1 | |
| Plating | 3 | |
| Masonry | 2 | |
| Lumber Harvesting | 1 | |
| Sorceress Training | 1 | |
| Magic Sentry | 1 | |
| Flak Cannons | 1 | |
| Armor | 3 | |
| Barrage | 1 | |
| Fragmentation Shards | 1 | |
| Flare | 1 | |
| Storm Hammers | 2 | |
| Cloud | 1 | |
| Backpack | 2 | |
27 total
» buildings
| Altar of Kings | 1 | |
| Barracks | 1 | |
| Farm | 5 | |
| Arcane Vault | 1 | |
| Keep | 4 | |
| Town Hall | 5 | |
| Blacksmith | 1 | |
| Lumber Mill | 2 | |
| Castle | 3 | |
| Workshop | 4 | |
| Scout Tower | 27 | |
| Guard Tower | 43 | |
| Arcane Sanctum | 2 | |
| Arcane Tower | 4 | |
| Tree of Life | 1 | |
| Gryphon Aviary | 2 | |
106 total
» build order
00:48 Altar of Kings
00:50 Barracks
00:56 Farm
01:05 Farm
01:32 Farm
02:12 Farm
02:16 Arcane Vault
02:53 Farm
03:33 Keep
03:33 Keep
03:34 Keep
04:04 Town Hall
04:45 Blacksmith
05:56 Lumber Mill
06:16 Lumber Mill
06:42 Castle
06:42 Castle
06:52 Workshop
09:11 Workshop
11:02 Town Hall
11:06 Scout Tower
11:07 Scout Tower
11:08 Scout Tower
11:09 Scout Tower
11:10 Scout Tower
11:26 Scout Tower
11:29 Scout Tower
11:30 Scout Tower
11:31 Scout Tower
11:31 Scout Tower
11:33 Scout Tower
11:36 Guard Tower
11:36 Guard Tower
11:36 Guard Tower
11:37 Guard Tower
11:37 Guard Tower
11:43 Guard Tower
11:43 Guard Tower
12:11 Arcane Sanctum
12:13 Arcane Sanctum
12:19 Guard Tower
12:20 Guard Tower
12:20 Guard Tower
12:23 Scout Tower
12:28 Scout Tower
12:35 Scout Tower
12:38 Scout Tower
12:52 Guard Tower
12:52 Guard Tower
12:55 Guard Tower
12:55 Guard Tower
12:56 Guard Tower
13:10 Guard Tower
13:10 Guard Tower
13:11 Guard Tower
13:12 Arcane Tower
13:13 Arcane Tower
13:13 Arcane Tower
16:50 Workshop
16:55 Workshop
18:38 Guard Tower
22:22 Town Hall
22:25 Scout Tower
22:25 Scout Tower
22:27 Scout Tower
22:28 Scout Tower
23:01 Guard Tower
23:01 Guard Tower
23:01 Guard Tower
23:05 Scout Tower
23:06 Scout Tower
23:07 Scout Tower
23:11 Scout Tower
23:19 Scout Tower
23:21 Scout Tower
23:22 Scout Tower
23:24 Scout Tower
23:36 Guard Tower
23:36 Guard Tower
23:37 Guard Tower
23:37 Guard Tower
23:38 Guard Tower
23:38 Guard Tower
24:21 Guard Tower
28:29 Town Hall
29:12 Tree of Life
32:20 Gryphon Aviary
32:22 Gryphon Aviary
36:44 Town Hall
» items
| Scroll of Town Portal | 2 | |
| Scroll of Regeneration | 3 | |
| Lesser Clarity Potion | 1 | |
| Potion of Healing | 2 | |
| Orb of Fire | 2 | |
| Ivory Tower | 5 | |
| Mechanical Critter | 3 | |
| Staff of Sanctuary | 1 | |
19 total
FaMous_4_TeMPeR (
orange | 28 APM | 782 actions | 27:27)
4 Blademaster
2 Wind Walk
2 Critical Strike
2 Tauren Chieftain
1 War Stomp
1 Endurance Aura
» actions
| Assign group hotkey | 10 | |
| Build / train | 62 | |
| Enter build submenu | 20 | |
| Enter hero's abilities submenu | 7 | |
| Give item / drop item | 1 | |
| Remove unit from queue | 3 | |
| Right click | 367 | |
| Select / deselect | 201 | |
| Select group hotkey | 45 | |
| Use ability | 66 | |
782 total
» units
| Peon | 12 | |
| Grunt | 6 | |
| Shaman | 7 | |
| Tauren | 6 | |
31 total
» upgrades
| Melee Weapons | 3 | |
| Shaman Training | 2 | |
| Armor | 2 | |
| Pulverize | 1 | |
8 total
» buildings
| Altar of Storms | 1 | |
| Orc Burrow | 9 | |
| War Mill | 1 | |
| Barracks | 1 | |
| Voodoo Lounge | 1 | |
| Stronghold | 1 | |
| Spirit Lodge | 1 | |
| Fortress | 2 | |
| Tauren Totem | 2 | |
19 total
» build order
00:05 Altar of Storms
00:10 Orc Burrow
00:59 War Mill
01:12 Orc Burrow
01:39 Barracks
02:21 Voodoo Lounge
03:15 Orc Burrow
04:04 Stronghold
06:37 Orc Burrow
06:40 Orc Burrow
06:58 Spirit Lodge
07:05 Orc Burrow
08:32 Fortress
08:37 Orc Burrow
09:02 Orc Burrow
10:53 Tauren Totem
10:55 Tauren Totem
11:01 Orc Burrow
» items
| Healing Salve | 1 | |
| Scroll of Town Portal | 1 | |
2 total
Chat log
(00:07 / Allies) FaMous_4_TeMPeR: melee
(00:14 / Allies) JamesPlato: units yellow purple?
(00:28 / All) Ljocht: What's your favourite instrument, everyone?
(00:29 / All) Ljocht: ASL?
(00:32 / All) CreepInATshirt: My name is LaTonya and I am 13 years old in the first grade
(00:37 / All) MY-BDAY-TODAY.: I GOT A BLOW UP HELENT HUNT DOLL
(00:47 / All) iambest: LOL
(00:51 / All) MY-BDAY-TODAY.: AND JAMIE LEE CURTIS
(00:58 / All) MY-BDAY-TODAY.: HER MOM PLAYS IN PHYSCO
(01:10 / Allies) FASTDRAGONS: rush o cc
(03:36 / Allies) FaMous_4_TeMPeR: re you taking
(03:41 / Allies) JamesPlato: yea
(03:44 / Allies) FaMous_4_TeMPeR: k
(03:51 / Allies) JamesPlato: ybuts purple yellow?
(04:04 / Allies) JamesPlato: units*
(04:13 / Allies) FaMous_4_TeMPeR: melee
(04:19 / Allies) Ljocht: I got copters
(05:32 / Allies) FASTDRAGONS: wood plz
(05:52 / Allies) JamesPlato: help
(05:54 / Allies) JamesPlato: help
(05:55 / Allies) JamesPlato: tp
(05:56 / Allies) JamesPlato: tp
(06:05 / Allies) JamesPlato: tp to oj
(06:06 / All) Ljocht: straight tech outside
(06:09 / All) Ljocht: amazing
(06:14 / Allies) FASTDRAGONS: tp
(07:31 / All) MY-BDAY-TODAY.: Of the 8 planets in the solar system, which is your favorite and why?
(11:59 / Allies) FaMous_4_TeMPeR: yellow got some gold for a brotha
(12:39 / All) CreepInATshirt: raped
(12:55 / Allies) FASTDRAGONS: who mele
(13:02 / Allies) FaMous_4_TeMPeR: i am
(13:16 / Allies) FaMous_4_TeMPeR: yellow needs to share tuarns are expensive
(13:24 / Allies) FASTDRAGONS: tp plss
(13:25 / Allies) Ljocht: Or you could learn how to expo yourself
(13:35 / Allies) FaMous_4_TeMPeR: i gave it to teal mister 4k
(13:54 / Allies) Ljocht: There's other expos on the map you goddamned fucking retard
(14:08 / All) CreepInATshirt: not smart
(14:09 / Allies) FASTDRAGONS: fuck
(14:18 / Allies) FaMous_4_TeMPeR: that get destoyed instenlly damn anal bro just share
(14:29 / Allies) FaMous_4_TeMPeR: so we can win
(14:30 / All) CreepInATshirt: that's two heroes now purple
(14:44 / Allies) FaMous_4_TeMPeR: ty
(15:11 / Allies) FaMous_4_TeMPeR: k we need some aa and we can hit
(15:16 / Allies) Ljocht: i got blue down
(15:22 / Allies) FaMous_4_TeMPeR: good shit
(15:37 / Allies) Ljocht: Hmmm maybe not I will next try
(16:43 / All) CreepInATshirt: tried to pick my hero off purple? You'll pay for that
(17:45 / All) Ljocht: Blue, you were just killed by 1 hero and 11 gyrocopters
(17:48 / All) Ljocht: How does this make you feel?
(17:53 / All) iambest: Sexy
(18:01 / All) Ljocht: You like being dominated?
(18:34 / All) MY-BDAY-TODAY.: FOR
(18:39 / All) MY-BDAY-TODAY.: PERSIA
(19:01 / All) MY-BDAY-TODAY.: go ahead
(19:02 / All) MY-BDAY-TODAY.: attack that
(19:17 / All) Ljocht: lawl my team sucks
(19:22 / All) Ljocht: It's like if I had 3 blues
(19:27 / Allies) FaMous_4_TeMPeR: dude chims
(19:42 / Allies) FaMous_4_TeMPeR: teal hit the towers
(20:13 / Allies) Ljocht: Hey you retard he's already dead hit somewhere else
(20:18 / Allies) Ljocht: that's a waste of time I did it all myself
(20:26 / Allies) Ljocht: you arrogant prick trying to take credit
(21:35 / All) MY-BDAY-TODAY.: i feel bad for team 1
(21:41 / All) MY-BDAY-TODAY.: u guys aren't the sharpest knife of the drawers
(21:42 / Allies) JamesPlato: get to my base please now
(21:54 / Allies) FASTDRAGONS: i no have tp
(22:05 / Allies) FASTDRAGONS: b
(22:06 / Allies) FASTDRAGONS: tela
(22:12 / Allies) FASTDRAGONS: back
(22:13 / Allies) FASTDRAGONS: teal
(22:20 / Allies) FaMous_4_TeMPeR: dyrads bro leave
(22:53 / All) Ljocht: wtf
(22:58 / All) Ljocht: Does that poison work on mechanical units?
(23:09 / All) Ljocht: I didn't think it did
(23:19 / All) CreepInATshirt: What a dump you have here purple
(23:35 / All) CreepInATshirt: Don't worry I'll renovate it after I knock it down
(23:38 / All) CreepInATshirt: CAll me the demolition man
(23:51 / All) CreepInATshirt: alright teal
(24:05 / All) CreepInATshirt: you fucked up
(24:11 / All) MY-BDAY-TODAY.: EVERYTHING!!
(24:12 / All) Ljocht: He is trying to take that again lol
(24:14 / All) MY-BDAY-TODAY.: U RUINER
(24:17 / All) Ljocht: But he sucks so no amount of gold will make him better
(24:31 / All) Call911iownedu: red have 15k gold
(24:39 / Allies) FASTDRAGONS: wait
(24:40 / All) Ljocht: Nay he has 11k
(24:40 / Allies) FASTDRAGONS: orange
(24:43 / All) Ljocht: I have 14k
(24:56 / Allies) Ljocht: What about him?
(25:16 / Allies) JamesPlato: hit green
(25:30 / All) CreepInATshirt: You'll pay for your crimes motherfucker
(25:32 / Allies) FaMous_4_TeMPeR: \
(25:36 / Allies) Ljocht: gogogogogogo
(26:42 / Allies) Ljocht: Oops misclick
(27:37 / Allies) FASTDRAGONS: we lost
(27:41 / Allies) Ljocht: Nay
(27:43 / Allies) Ljocht: I have 17k
(27:50 / Allies) Ljocht: Red and pink suck I onl have to even deal with dryads
(27:58 / Allies) FASTDRAGONS: oo
(28:00 / Allies) FASTDRAGONS: nicee
(30:30 / All) Ljocht: Is it just me or is everyone even worse now than a few years ago?
(30:38 / All) Ljocht: Feels underwhelming
(30:41 / All) MY-BDAY-TODAY.: same 2 me
(30:45 / All) Ljocht: Never need to go over 50 food at all
(30:54 / All) MY-BDAY-TODAY.: ur just a lot better than u were 2 years ago
(31:05 / All) Ljocht: true
(31:38 / Allies) FASTDRAGONS: wtf
(33:24 / All) CreepInATshirt: end of the line for you, fugitive
(33:27 / All) Ljocht: Finally
(33:36 / All) Ljocht: That was one fast vagrant
(33:39 / Allies) FASTDRAGONS: fuck yellow
(33:40 / All) Ljocht: one mean vagabond
(33:42 / All) Ljocht: But he finally died
(34:14 / All) MY-BDAY-TODAY.: hopefully i get some skylander toys for my birthday
(34:43 / All) Ljocht: Purple gave me his 24 gold and 30 lumber
(34:47 / All) Ljocht: He is contributing well to the cause
(35:01 / All) FASTDRAGONS: ^^
(36:34 / All) MY-BDAY-TODAY.: i wish i saw the ole' gold mine farm hack back in the day
(41:10 / All) FASTDRAGONS: hack ;3
(41:21 / All) CreepInATshirt: inside information
(41:32 / All) Ljocht: I do hack but they don't
(42:10 / All) Ljocht: 1 tree of life can't kill a level 1 water elemental
(42:36 / All) Ljocht: Okay everyone listen up
(42:38 / Allies) FASTDRAGONS: lol
(42:41 / All) Ljocht: Pink, red, and I are killing everything
(42:42 / Allies) FASTDRAGONS: this fuck
(42:43 / All) Ljocht: Including our own units
(42:46 / All) Ljocht: Nothing will remain
(42:51 / All) Ljocht: Everyone will have an equal chance at winning
(43:05 / All) Ljocht: The last one to leave shall leave victorious, for the only way to win shall be for the others to leave
(43:16 / All) Ljocht: You can leave your computers on all day and night and get the win
(43:24 / All) Ljocht: Will you all do this and participate in a Mexican standoff?
(43:29 / All) MY-BDAY-TODAY.: i got a question
(43:30 / All) Ljocht: Are you willing to rough it out for the win?
(43:45 / All) MY-BDAY-TODAY.: what are essential things u should buy if moving out for the first time, like laundry baskets
(44:25 / All) CreepInATshirt: hair gel
(44:33 / All) CreepInATshirt: like hair gel
(44:44 / All) CreepInATshirt: and cool sunglasses, emergency cool devices
(45:09 / Allies) FASTDRAGONS: why
(45:11 / Allies) FASTDRAGONS: no move
(45:14 / Allies) Ljocht: I told you
(45:16 / Allies) Ljocht: I explained the rule
(45:19 / Allies) Ljocht: The rules
(45:21 / Allies) Ljocht: Check the chat log
(45:35 / All) MY-BDAY-TODAY.: i miss "friends" that map was soo kooooooooo
(45:59 / All) Ljocht: all the old maps were better
(46:01 / All) Ljocht: They had personality
(46:03 / Allies) FASTDRAGONS: you control red?
(46:07 / All) Ljocht: the new ones are generic 1 base 1 expo
(46:12 / Allies) Ljocht: Check the chatlog you insufferable faggot
(46:16 / Allies) Ljocht: I explained the rules
(46:20 / Allies) Ljocht: Everyone will have equal chances
(46:21 / Allies) FASTDRAGONS: lol
(46:41 / All) MY-BDAY-TODAY.: person with the best internet connection wins
(46:44 / All) Ljocht: Purple missed my explanation earlier and I don't feel like explaining
(47:02 / Allies) FASTDRAGONS: omggg
(47:03 / All) Ljocht: My side is done
(47:08 / All) MY-BDAY-TODAY.: new acct or aim?
(47:52 / All) Ljocht: We all finished?
(48:04 / All) MY-BDAY-TODAY.: gogo
(48:10 / All) Ljocht: Good luck everyone